 Dungeon Sprint DCSS version 0.28.0 (webtiles) character file.

Game seed: 15756168186849594311

37 SmokeWeed the Skirmisher (level 3, -8/40 HPs)
             Began as a Minotaur Gladiator on Feb 18, 2022.
             Was an Initiate of Qazlal.
             Mangled by a +4 glaive of venom (18 damage)
             ... in the Dungeon (Sprint V: "Ziggurat Sprint").
             The game lasted 00:02:57 (229 turns).

SmokeWeed the Skirmisher (Minotaur Gladiator)        Turns: 229, Time: 00:02:59

Health: -8/40      AC: 18    Str: 24    XL:     3   Next: 23%
Magic:  2/2        EV:  7    Int:  7    God:    Qazlal [......]
Gold:   0          SH: 11    Dex: 17    Spells: 2/2 levels left

rFire   . . .      SeeInvis .   a - +0 long sword
rCold   . . .      Faith    .   m - +3 kite shield
rNeg    . . .      Spirit   .   l - +5 plate armour
rPois   .          Reflect  .   c - +0 hat
rElec   .          Harm     .   (no cloak)
rCorr   .          Rampage  .   (no gloves)
Will    .....      NoTele   +   (no boots)
Stlth   ..........              (no amulet)
HPRegen 0.13/turn               H - +6 ring of strength
MPRegen 0.08/turn               D - +6 ring of dexterity

@: mighty, lethally poisoned (-8 -> -15)
A: horns 2, retaliatory headbutt
a: Renounce Religion


You were in the Dungeon.
You worshipped Qazlal.
Qazlal was noncommittal.
You visited 1 branch

Inventory:

Hand Weapons
 a - a +0 long sword (weapon)
 o - a +5 double sword
 K - the +7 Singing Sword {vorpal, sonic wave}
   (You found it in the Dungeon)

   It inflicts extra damage upon your enemies.
   It radiates damaging sonic waves as it strikes, especially in combat
   involving dangerous or numerous foes.
 L - the +8 lance "Wyrmbane" {slay drac, rPois rF+ rC+ AC+3}
   (You found it in the Dungeon)

   It inflicts extra damage against dragons and draconians.
   AC:        It affects your AC (+3).
   rF:        It protects you from fire.
   rC:        It protects you from cold.
   rPois:     It protects you from poison.
 M - the +11 plutonium sword {Contam Stlth-}
   (You found it in the Dungeon)

   It occasionally inflicts wild transmutation effects on those it strikes,
   inflicting malmutation or extra damage, or polymorphing them into a new form.
   Contam:    It causes magical contamination when unequipped.
   Stlth:     It makes you less stealthy.
 N - the +9 heavy crossbow "Sniper" {vorpal, Acc+∞ SInv}
   (You found it in the Dungeon)

   Any ammunition fired from it inflicts extra damage upon your enemies.
   Any ammunition fired from it never misses its target.
   SInv:      It lets you see invisible.
Missiles
 d - 3 throwing nets (quivered)
 O - 1000 bolts
Armour
 b - a +0 leather armour
 c - a +0 hat (worn)
 k - +5 gold dragon scales
 l - a +5 plate armour (worn)
 m - a +3 kite shield (worn)
 n - a +3 tower shield
Jewellery
 C - a ring of flight
 D - a +6 ring of dexterity (right hand)
 E - a +6 ring of dexterity
 F - a +6 ring of intelligence
 G - a +6 ring of intelligence
 H - a +6 ring of strength (left hand)
 I - a +6 ring of strength
Wands
 y - a wand of mindburst (7)
 A - a wand of iceblast (7)
 B - a wand of acid (7)
Scrolls
 j - 4 scrolls of blinking
 p - 4 scrolls of amnesia
 q - 7 scrolls of fog
 r - a scroll of holy word
 s - 5 scrolls of identify
 t - 2 scrolls of fear
Potions
 e - 10 potions of curing
 f - 10 potions of heal wounds
 g - 6 potions of haste
 h - 7 potions of magic
 i - 3 potions of berserk rage
 u - 2 potions of brilliance
 v - 2 potions of invisibility
 w - 4 potions of resistance
 z - 4 potions of might
Miscellaneous
 J - a lightning rod (4/4)


   Skills:
 + Level 7.8 Fighting
 + Level 5.0 Long Blades
 + Level 2.4 Throwing
 + Level 7.1 Armour
 + Level 4.4 Dodging
 + Level 0.9 Shields


You had 2 spell levels left.
You didn't know any spells.
Your spell library was empty.

Dungeon Overview and Level Annotations

Branches:
Dungeon (1/1)

Altars:
Ashenzari
Cheibriados
Dithmenos
Elyvilon
Fedhas
Gozag
Hepliaklqana
Kikubaaqudgha
Makhleb
Nemelex Xobeh
Okawaru
Qazlal
Ru
Sif Muna
Trog
Uskayaw
Vehumet
Wu Jian
Xom
Yredelemnul
Zin
The Shining One
Beogh
Jiyva
Lugonu

Annotations:
D 1 transporter


Innate Abilities, Weirdness & Mutations

You have a pair of horns on your head.
You reflexively headbutt those who attack you in melee.


Message History

There is a transporter here.
There is a transporter here.
Welcome to arena 2.
You enter the transporter and appear at another place.
An earth elemental, a +6 hand axe of electrocution and a +4 glaive of venom come into view.
Found three items.
Found a transporter.
You feel more experienced!
Your Fighting skill gained 4 levels and is now at level 7!
Your Armour skill gained 7 levels and is now at level 7!
You have reached level 3!
Your experience leads to an increase in your attributes!
Your base attributes are Str 18, Int 5, Dex 11.
Increase (S)trength, (I)ntelligence, or (D)exterity?
Level annotation: 1 transporter Welcome back, SmokeWeed the Minotaur Gladiator.
Qazlal says: Let the forces of nature tear it all down!
Press ? for a list of commands and other information.
You have reached level 3!
Your experience leads to an increase in your attributes!
Your base attributes are Str 18, Int 5, Dex 11.
Increase (S)trength, (I)ntelligence, or (D)exterity?
You feel clever. x2
You feel very mighty all of a sudden.
The +6 hand axe of electrocution hits you but does no damage.
The +4 glaive of venom hits you from afar!
You are poisoned.
You closely miss the +6 hand axe of electrocution.
You headbutt the +6 hand axe of electrocution!
The +6 hand axe of electrocution is moderately damaged.
You feel very sick.
You block the +6 hand axe of electrocution's attack.
The +4 glaive of venom hits you from afar!
You block the +6 hand axe of electrocution's attack.
You miss the +6 hand axe of electrocution.
The +6 hand axe of electrocution is moderately damaged.
You feel very sick.
The +6 hand axe of electrocution hits you.
* * * LOW HITPOINT WARNING * * *
The +4 glaive of venom hits you from afar!!
You die...

▓▓▓▓▓▓▓▓▓▓▓▓▓
▓.8©8.▓.8©8.▓
▓.))).▓.....▓
▓.....▓.).).▓
▓..E..▓.....▓
▓...(.▓.....▓
▓..(..▓..©..▓
▓..@..▓▓▓▓▓▓▓
▓▓▓▓▓▓▓


You could see an earth elemental and 2 dancing weapons.

Vanquished Creatures
  A shadow imp (D)
  An ufetubus (D)
2 creatures vanquished.

Notes
Turn   | Place    | Note
-------+----------+-------------------------------------------
     0 | D        | SmokeWeed the Minotaur Gladiator began the quest for the
                  | Orb.
     0 | D        | Reached XP level 1. HP: 18/18 MP: 0/0
     3 | D        | Found a blossoming altar of Fedhas.
     3 | D        | Found the +6 Majin-Bo {vamp, MP+6 Int+6}
     3 | D        | Found the +9 heavy crossbow "Sniper" {vorpal, Acc+∞ SInv}
     3 | D        | Found the +10 dark maul {vorpal}
     3 | D        | Found the +15 Maxwell's patent armour {-Cast -Tele rElec
                  | Will+ rCorr}
     3 | D        | Found the +18 shield of the Gong {rElec rN+ Will+ EV-5}
     3 | D        | Found the +14 obsidian axe {vorpal, Mesm Drain Fly SInv}
     3 | D        | Found the +7 great mace "Firestarter" {inner flame, rF++}
     3 | D        | Found the +6 shillelagh "Devastator" {shatter}
     3 | D        | Found the +11 plutonium sword {Contam Stlth-}
     3 | D        | Found the +8 lance "Wyrmbane" {slay drac, rPois rF+ rC+
                  | AC+3}
     3 | D        | Found the +9 sword of Zonguldrok {reap}
     3 | D        | Found the +13 scythe of Curses {drain, Drain}
     3 | D        | Found the +5 sword of Power {vorpal}
     3 | D        | Found the +7 mace of Variability {chain chaos}
     3 | D        | Found the +7 Singing Sword {vorpal, sonic wave}
     3 | D        | Found the +8 storm bow {elec, penet}
    40 | D        | Found a viscous altar of Jiyva.
    40 | D        | Found a hazy altar of Hepliaklqana.
    40 | D        | Found a transporter.
    40 | D        | Found an opulent altar of Gozag.
    40 | D        | Found an ancient bone altar of Kikubaaqudgha.
    40 | D        | Found a corrupted altar of Lugonu.
    50 | D        | Found a burning altar of Makhleb.
    51 | D        | Found a stormy altar of Qazlal.
    51 | D        | Found a sacrificial altar of Ru.
    51 | D        | Found an iron altar of Okawaru.
    51 | D        | Found a shimmering blue altar of Sif Muna.
    51 | D        | Found a sparkling altar of Nemelex Xobeh.
    51 | D        | Found a bloodstained altar of Trog.
    95 | D        | Became a worshipper of Qazlal Stormbringer
   112 | D        | Entered arena 2.
   112 | D        | Found a transporter.
   125 | D        | Reached skill level 5 in Long Blades
   125 | D        | Reached XP level 2. HP: 18/26 MP: 1/1
   225 | D        | Entered arena 3.
   225 | D        | Noticed an earth elemental
   225 | D        | Noticed a +6 hand axe of electrocution
   225 | D        | Noticed a +4 glaive of venom
   225 | D        | Found a transporter.
   227 | D        | Reached XP level 3. HP: 40/40 MP: 2/2
   229 | D        | Mangled by a +4 glaive of venom

Illustrated notes

Levels and vault maps discovered:
D:        sprint_v [room_start, room_1, room_2, room_3, room_4, room_5, room_6,
          room_7, room_8, room_9, room_10, room_11, room_12, room_13, room_14,
          room_15, room_16, room_17, room_18, room_19, room_20, room_21,
          room_22, room_23, room_24, room_25, room_26, room_27]

Skill      XL: |  1  2 |
---------------+-------+-----
Long Blades    | 5 |  5.0
Dodging        | 4 |  4.4
Fighting       | 3 7 |  7.8
Armour         | 7 |  7.1
Throwing       | |  2.4
Shields        | |  0.9

Action                   || total
-------------------------++-------
Melee: Long sword        ||    13
       Headbutt          ||     1
  Use: Potion            ||     2
Armor: Plate armour      ||    12
Dodge: Dodged            ||     7
Block: Kite shield       ||    11
